 Dungeon Crawl Stone Soup version 0.20.0-15-g7f486f2 (webtiles) character file.

26 Kakkamies the Charmwright (level 3, 0/28 HPs)
             Began as a Barachi Skald on June 20, 2017.
             Slain by a worm (6 damage)
             ... on level 1 of the Dungeon.
             The game lasted 00:09:59 (1122 turns).

Kakkamies the Charmwright (Barachi Skald)           Turns: 1122, Time: 00:09:59

Health: 0/28       AC:  3    Str: 12    XL:     3   Next: 8%
Magic:  6/6        EV: 12    Int: 14    God:
Gold:   90         SH:  0    Dex: 11    Spells: 2/7 levels left

rFire    . . .     SeeInvis .   a - +0 falchion
rCold    . . .     Gourm    +   (no shield)
rNeg     . . .     Faith    .   b - +0 leather armour
rPois    .         Spirit   .   (no helmet)
rElec    .         Reflect  .   (no cloak)
rCorr    .         Harm     .   (no gloves)
MR       .....                  (no boots)
Stlth    +.........             k - amulet of the gourmand
Regen    0.1/turn               (no ring)
MPRegen  0.1/turn               (no ring)

@: lethally poisoned (0 -> -4), slow
A: +LOS, swims, slowness 1, strong legs 1
a: Hop


You were on level 1 of the Dungeon.
You were full.

You visited 1 branch of the dungeon, and saw 2 of its levels.

You collected 90 gold pieces.

Inventory:

Hand Weapons
 a - a +0 falchion (weapon)
Armour
 b - a +0 leather armour (worn)
 h - a +0 ring mail
 i - a +0 buckler
 l - a +0 robe
Jewellery
 k - an amulet of the gourmand (around neck)
Scrolls
 e - 5 scrolls of identify
 f - a scroll of fog {unknown}
 g - 2 scrolls of amnesia {unknown}
 m - a scroll of remove curse {unknown}
 n - a scroll of random uselessness {unknown}
 o - a scroll of recharging {unknown}
Potions
 q - 2 potions of flight {unknown}
Books
 c - a book of Battle

   Spells                             Type                      Level
   a - Infusion                       Charms                       1
   b - Shroud of Golubria             Charms/Translocation         2
   c - Song of Slaying                Charms                       2
   d - Spectral Weapon                Hexes/Charms                 3
   e - Regeneration                   Charms/Necromancy            3
Comestibles
 d - a bread ration
 j - 2 meat rations
 p - a royal jelly
 r - a chunk of flesh


   Skills:
 + Level 2.5 Fighting
 + Level 2.9 Long Blades
 + Level 1.5 Armour
 + Level 2.1 Dodging
 + Level 2.5 Spellcasting
 + Level 3.8 Charms


You had 2 spell levels left.
You knew the following spells:

 Your Spells              Type           Power        Failure   Level  Hunger
a - Infusion              Chrm           ##..         6%          1    #......
b - Shroud of Golubria    Chrm/Tloc      #.........   21%         2    ###....
c - Song of Slaying       Chrm           ##......     9%          2    ###....


Dungeon Overview and Level Annotations

Branches:
Dungeon (2/15)

Altars:


Innate Abilities, Weirdness & Mutations

Shadows flee at your approach. (+LOS)
You can swim through water.
You cover ground slowly.
You can hop short distances.


Message History

There is a stone staircase leading down here.
The adder bites you. x2
You closely miss the adder. The adder bites you.
* * * LOW HITPOINT WARNING * * *
The adder barely misses you.
You completely miss the adder. The adder bites you.
* * * LOW HITPOINT WARNING * * *
The adder completely misses you. The adder bites you but does no damage.
You are too injured to fight recklessly!
You hit the adder.
The adder is heavily wounded.
The adder bites you.
* * * LOW HITPOINT WARNING * * *
You are poisoned.
The adder poisons you!
You closely miss the adder.
The adder is heavily wounded.
You feel sick. The adder misses you. The worm bites you.
You die...

..)##.######'###'##...#####......
..#...............+...'...+......
.#.............#.##...#!..#......
#..........#.#.#>.....#...#......
.......##..#.#.#.....##...#......
.......##......#.....#######.+###
#......##....#.#.....#...........
####.........#.#Sw...#.....♣♣♣...
#(.#.#.###..##.#@....#....♣# #♣..
#..#.................#....♣ ♣..
#..#................##....♣# #♣..
#..#..#####.##.#....##.....♣♣♣...
#........##.##.#......###.......#
#.##.............####.# ##.#..###
#.##....)##..#.#.# #.# #.##.###
...#.....##..#.#.####.####.##.#..
.........##..#.............##.###


You could see a worm and an adder.

Vanquished Creatures
  An adder (D:1)
  4 goblins (D:1)
  3 hobgoblins
  A kobold (D:1)
  A bat (D:1)
  3 frilled lizards (D:1)
  5 rats (D:1)
18 creatures vanquished.

Notes
Turn   | Place    | Note
-------+----------+-------------------------------------------
     0 | D:1      | Kakkamies the Barachi Skald began the quest for the Orb.
     0 | D:1      | Reached XP level 1. HP: 17/17 MP: 3/3
   165 | D:1      | Reached XP level 2. HP: 14/23 MP: 3/5
   479 | D:1      | Learned a level 2 spell: Shroud of Golubria
   494 | D:1      | Learned a level 2 spell: Song of Slaying
   843 | D:1      | Reached XP level 3. HP: 25/28 MP: 6/6
  1122 | D:1      | Slain by a worm

Action                   || total
-------------------------++-------
Melee: Falchion          ||    54
  Use: Scroll            ||     1
  Eat: Chunk             ||     8
Armor: Leather armour    ||    15
Dodge: Dodged            ||    38
       Rpst.: Falchion   ||    11
